 Dungeon Sprint DCSS version 0.30-a0-358-g0d69a1922f (webtiles) character file.

Game seed: 11074559154990418003

264466 rocky1 the Wrestler (level 17, -6/265 HPs)
             Began as a Yellow Draconian Transmuter on Nov 9, 2022.
             Was the Champion of Cheibriados.
             Killed from afar by Antaeus (20 damage)
             ... with a bolt of lightning
             ... in the Dungeon (Sprint III: "The Ten Rune Challenge") on Nov 10, 2022.
             The game lasted 01:24:37 (17216 turns).

rocky1 the Wrestler (Yellow Draconian Transmuter)  Turns: 17216, Time: 01:24:38

Health: -6/265     AC: 19    Str: 42    XL:     17   Next: 61%
Magic:  41/41      EV: 28    Int: 35    God:    Cheibriados [******]
Gold:   3001       SH:  0    Dex: 27    Spells: 4/56 levels left

rFire   + + +      SeeInvis .      - Unarmed
rCold   + . .      Faith    .    (shield currently unavailable)
rNeg    . . .      Spirit   .    (body armour unavailable)
rPois   +          Reflect  .    (helmet currently unavailable)
rElec   +          Harm     .    (cloak currently unavailable)
rCorr   +          Rampage  .    (gloves currently unavailable)
Will    +....      NoTele   +    (boots currently unavailable)
Stlth   +++++.....               N - amulet of regeneration
HPRegen 1.44/turn                g - ring of protection from fire
MPRegen 0.27/turn                E - ring "Plog" {rPois rF+ EV+4 Str+3}

@: mighty, dragon-form, resistant, frozen, flying, studying 2 skills, very slow
A: dragon claw, dragon scales, flying, boosted hp, spit acid, AC +9, giant,
unfitting armour, acidic bite, (cold-blooded), acid resistance
}: 5/10 runes: serpentine, barnacled, silver, golden, demonic
a: Breathe Acid, End Transformation, Renounce Religion, Bend Time, Temporal
Distortion, Slouch, Step From Time


You were in the Dungeon.
You worshipped Cheibriados.
Cheibriados was exalted by your worship.
You were a fearsome golden dragon!
You visited 1 branch You collected 8246 gold pieces.
You spent 5245 gold pieces at shops.

Inventory:

Hand Weapons
 q - a +2 triple sword of holy wrath
 I - the +9 war axe "Zuluo" {venom, Will+}
   (You found it in the Dungeon)

   It poisons the flesh of those it strikes.
   Will:      It increases your willpower.
 K - a +2 eudemon blade of holy wrath
Missiles
 b - 8 javelins
 v - 7 curare-tipped darts
 M - 21 silver javelins
Armour
 t - a +0 hat (melded)
 w - a +1 kite shield of reflection (melded)
 z - a +0 cloak (melded)
 H - a +2 pair of gloves (melded)
 R - a +0 pair of boots of flying (melded)
 S - a +2 tower shield of reflection
Jewellery
 g - a ring of protection from fire (left foreclaw)
 A - an amulet of magic regeneration
 E - the ring "Plog" (right foreclaw) {rPois rF+ EV+4 Str+3}
   (You found it in the Dungeon)

   [ring of evasion]

   EV:        It affects your evasion (+4).
   Str:       It affects your strength (+3).
   rF:        It protects you from fire.
   rPois:     It protects you from poison.
 N - an amulet of regeneration (around neck)
 O - the ring of the Tortoise {AC+8}
   (You took it off a vault guard in the Dungeon)

   [ring of protection]

   AC:        It affects your AC (+8).
 P - the amulet "Wievvav" {Spirit Stlth+}
   (You acquired it in the Dungeon)

   [amulet of guardian spirit]

   It causes incoming damage to be divided between your reserves of health and
   magic.
   Stlth:     It makes you more stealthy.
 Q - a +4 ring of slaying
Wands
 d - a wand of light (12)
 x - a wand of iceblast (3)
 J - a wand of charming (11)
 L - a wand of digging (12)
 V - a wand of mindburst (13)
Scrolls
 k - 2 scrolls of immolation
 l - a scroll of poison
 m - 8 scrolls of identify
 n - a scroll of brand weapon
 u - 4 scrolls of blinking
 y - 2 scrolls of fog
 C - 2 scrolls of amnesia
 T - a scroll of vulnerability
 U - 2 scrolls of torment
Potions
 a - 3 potions of lignification
 e - a potion of magic
 f - 5 potions of heal wounds
 i - a potion of ambrosia
 j - 3 potions of mutation
 o - 4 potions of resistance
 r - 5 potions of curing
 s - 2 potions of brilliance
 B - 2 potions of invisibility
 D - 2 potions of berserk rage
 F - a potion of cancellation
 G - 5 potions of flight
Miscellaneous
 c - a phial of floods
 h - a lightning rod (4/4)
 W - a condenser vane


   Skills:
 + Level 22.3 Fighting
 + Level 18.6 Dodging
 - Level 10.7 Stealth
 - Level 20.7 Shields
 + Level 25.5 Unarmed Combat
 + Level 20.2 Spellcasting
 + Level 12.8 Conjurations
 - Level 2.1 Hexes
 - Level 10.2 Summonings
 - Level 6.8 Necromancy
 - Level 8.3 Translocations
 - Level 15.2 Transmutations
 + Level 12.7 Fire Magic
 - Level 1.3 Ice Magic
 + Level 15.0 Air Magic
 - Level 8.3 Earth Magic
 - Level 12.0 Invocations
 - Level 8.3 Evocations


You had 4 spell levels left.
You knew the following spells:

 Your Spells              Type           Power      Damage    Failure   Level
a - Fire Storm            Conj/Fire      45%        8d11      99%         9
b - Wereblood             Tmut           96%        N/A       0%          2
c - Irradiate             Conj/Tmut      46%        3d27      1%          5
d - Ice Form              Ice/Tmut       75%        N/A       1%          4
e - Vampiric Draining     Necr           70%        2d11      1%          3
f - Vhi's Electric Charg  Tloc/Air       100%       N/A       1%          3
g - Arcjolt               Conj/Air       46%        1d56      1%          5
h - Maxwell's Capacitive  Air            48%        ∞         12%         8
i - Statue Form           Tmut/Erth      58%        N/A       1%          6
j - Dragon Form           Tmut           48%        N/A       1%          7

Your spell library contained the following spells:

 Spells                   Type           Power      Damage    Failure   Level
 Beastly Appendage        Tmut           100%       N/A       0%          1
 Summon Small Mammal      Summ           100%       N/A       0%          1
 Passwall                 Tmut/Erth      72%        N/A       0%          2
 Scorch                   Fire           100%       2d10      0%          2
 Swiftness                Air            96%        N/A       0%          3
 Apportation              Tloc           100%       N/A       1%          1
 Necrotise                Necr           100%       1d9       1%          1
 Sandblast                Erth           100%       2d20      1%          1
 Slow                     Hex            100%       N/A       1%          1
 Call Imp                 Summ           82%        N/A       1%          2
 Ensorcelled Hibernation  Hex/Ice        94%        N/A       1%          2
 Kindle Blastsparks       Fire/Tloc/Air  100%       2d18      1%          3
 Portal Projectile        Hex/Tloc       100%       N/A       1%          3
 Spider Form              Tmut/Pois      73%        N/A       1%          3
 Stone Arrow              Conj/Erth      100%       3d13      1%          3
 Anguish                  Hex/Necr       30%        N/A       1%          4
 Fulminant Prism          Conj/Hex       36%        3d18      1%          4
 Leda's Liquefaction      Hex/Erth       32%        N/A       1%          4
 Passage of Golubria      Tloc           76%        N/A       1%          4
 Petrify                  Tmut/Erth      87%        N/A       1%          4
 Summon Ice Beast         Ice/Summ       66%        N/A       1%          4
 Summon Lightning Spire   Summ/Air       89%        N/A       1%          4
 Agony                    Necr           70%        N/A       1%          5
 Blade Hands              Tmut           48%        N/A       1%          5
 Lee's Rapid Deconstruct  Erth           38%        3d19*     1%          5
 Summon Forest            Summ/Tloc      39%        N/A       1%          5
 Summon Mana Viper        Hex/Summ       68%        N/A       1%          5
 Summon Cactus Giant      Summ           41%        N/A       1%          6
 Metabolic Englaciation   Hex/Ice        23%        N/A       12%         5
 Summon Horrible Things   Summ           41%        N/A       65%         8
 Enfeeble                 Hex            25%        N/A       97%         7


Dungeon Overview and Level Annotations

Branches:
Dungeon (1/1)

Altars:
Cheibriados
Dithmenos
Elyvilon
Fedhas
Gozag
Hepliaklqana
Kikubaaqudgha
Makhleb
Nemelex Xobeh
Okawaru
Qazlal
Ru
Sif Muna
Trog
Uskayaw
Vehumet
Wu Jian
Xom
Yredelemnul
Zin
The Shining One
Jiyva
Lugonu

Shops:
D (?:*(?=!!!![[[[!?(?(:(=

Annotations:
D Antaeus


Innate Abilities, Weirdness & Mutations

You are a fearsome golden dragon!
You have a powerful clawing attack.
Your giant scaled body is strong and resiliant, but less evasive.
Your breath weapon is enhanced in this form.
You are flying.
Your maximum health is greatly increased.
Your armour is entirely melded.
You are incapable of wielding weapons or throwing items.
You can spit globs of acid.
Your golden yellow scales are hard. (AC +9)
You cannot fit into any form of body armour.
You have acidic saliva.
((You are cold-blooded and may be slowed by cold attacks.))
You are resistant to acid. (rCorr)


Message History

Antaeus is moderately wounded.
You maul Antaeus!!!!
You tail-slap Antaeus! You claw Antaeus!! Antaeus blocks your attack.
Antaeus is heavily wounded.
The ice encasing you melts away. Antaeus gestures at you.
The icy flash freeze hits you!! You partially resist.
You are encased in ice.
You maul Antaeus!!!
Antaeus is severely wounded.
You maul Antaeus!!!!
You tail-slap Antaeus. Antaeus blocks your attack. x2
Antaeus is almost dead.
Antaeus hits you!!!
* * * LOW HITPOINT WARNING * * *
Antaeus freezes you!! You resist.
* * * LOW HITPOINT WARNING * * *
Antaeus hits you!
* * * LOW HITPOINT WARNING * * *
Antaeus freezes you! You resist.
* * * LOW HITPOINT WARNING * * *
Okay, then.
Antaeus blocks your attack.
Antaeus is almost dead.
You maul Antaeus!!!!
Antaeus blocks your attack. x2
Antaeus is almost dead.
Antaeus gestures at you. The bolt of lightning hits you. You resist.
* * * LOW HITPOINT WARNING * * *
The bolt of lightning misses you.
The bolt of lightning hits Antaeus.
Antaeus completely resists.
Antaeus blocks your attack.
Antaeus buzzes, "I shall devour thy brain!"
Antaeus is almost dead.
Unknown command.
Antaeus blocks your attack.
You bite Antaeus.
Antaeus is splashed with acid.
Antaeus seems to be corroded for longer.
Antaeus is almost dead.
Antaeus gestures at you. The bolt of lightning hits you!! You resist.
You die...

+#############'##############.#..
###≈≈≈≈≈≈≈≈≈##......#'#'#
#!'≈#'#≈≈#####......#.'..
####≈#.#≈≈# #.....)#.###
#≈≈≈≈###≈≈#+###.....)).#.#
#≈≈≈≈≈≈≈≈≈≈≈≈##......###.#
#≈≈≈≈###≈≈≈≈≈##.###..#...# ####≈#
#≈≈#####.#^#..'.(.' #('≈#+#≈DCφ#
#.###..#)..# ###≈≈≈≈≈≈###
#......###'# ########
########...# ▓▓▓▓▓


You could see Antaeus (corroded, reflecting).

Vanquished Creatures
  Tiamat (D)
  2 ancient liches (D)
  An orb of fire (D)
  Mara (D)
  Mennas (D)
  Boris (D)
  Frederick (D)
  A Killer Klown (D)
  2 royal mummies (D)
  A golden dragon (D)
  Nikola (D)
  Geryon (D)
  An electric golem (D)
  Nellie (D)
  Rupert (D)
  A lich (D)
  3 Ice Fiends (D)
  2 Orb Guardians (D)
  A deep elf master archer (D)
  A titan (D)
  3 deep elf blademasters (D)
  3 quicksilver dragons (D)
  A kraken (D)
  Gastronok (D)
  An ancient champion (D)
  2 sphinxes (D)
  An Executioner (D)
  Frances (D)
  A storm dragon (D)
  4 shadow dragons (D)
  Donald (D)
  A frost giant (D)
  A draconian knight (D)
  A nagaraja (D)
  Roxanne (D)
  4 azure jellies (D)
  2 fire giants (D)
  2 draconian scorchers (D)
  A draconian shifter (D)
  3 draconian stormcallers (D)
  2 stone giants (D)
  Nessos (D)
  4 deep elf demonologists (D)
  2 vampire knights (D)
  Azrael (D)
  A yellow draconian (D)
  2 dire elephants (D)
  Snorg (D)
  9 mummy priests (D)
  A deep elf death mage (D)
  A fire dragon (D)
  A deep elf high priest (D)
  4 yaktaur captains (D)
  19 vault guards (D)
  2 hydras (D)
  2 hell beasts (D)
  2 alligator snapping turtles (D)
  3 centaur warriors (D)
  4 anacondas (D)
  An ogre mage (D)
  4 dancing weapons (D)
  4 death yaks (D)
  A naga warrior (D)
  Urug (D)
  2 deep elf knights (D)
  A titan zombie (D)
  5 orc high priests (D)
  2 sun demons (D)
  2 soul eaters (D)
  9 skeletal warriors (D)
  A death drake (D)
  2 anaconda zombies (D)
  A shadow wraith (D)
  A golden dragon zombie (D)
  A glowing orange brain (D)
  A spectral iron dragon (D)
  A spriggan druid (D)
  3 kraken simulacra (D)
  2 obsidian statues (D)
  5 deep elf pyromancers (D)
  A lindwurm (D)
  An orc knight (D)
  6 ugly things (D)
  A wolf spider (shapeshifter) (D)
  A shining eye (shapeshifter) (D)
  4 crystal guardians (D)
  2 oklob plants (D)
  A shining eye (D)
  A moth of wrath (D)
  2 elephants (D)
  6 black mambas (D)
  A guardian serpent (D)
  An iron troll simulacrum (D)
  9 statues (D)
  A molten gargoyle (D)
  2 cane toads (D)
  An unseen horror (D)
  13 yaktaurs (D)
  A komodo dragon (D)
  14 guardian mummies (D)
  A rime drake (D)
  An anaconda simulacrum (D)
  2 ice devils (D)
  A queen bee (D)
  3 wandering mushrooms (D)
  4 spriggan defenders (D)
  2 tyrant leeches (D)
  3 hornets (D)
  12 slime creatures (D)
  4 snapping turtles (D)
  8 blink frogs (D)
  A shadow (D)
  2 spriggans (D)
  3 redbacks (D)
  A spatial vortex (D)
  2 nagas (D)
  3 hydra simulacra (D)
  8 water moccasins (D)
  2 floating eyes (D)
  A swamp drake (D)
  A fire dragon simulacrum (D)
  3 orc warriors (D)
  A black mamba simulacrum (D)
  2 centaurs (D)
  An earth elemental (D)
  A water elemental (D)
  A necrophage (D)
  A scorpion (D)
  32 killer bees (D)
  3 electric eels (D)
  3 orc priests (D)
  A jelly (D)
  Jessica (D)
  A necromancer (D)
  A wizard (D)
  2 orc wizards (D)
  3 humans (D)
  A kobold demonologist (D)
  3 adders (D)
  7 orcs (D)
  2 endoplasms (D)
  A bat (D)
  A rat (D)
  A ballistomycete spore (D)
  8 butterflies (D)
  2 plants (D)
  7 tentacles (D)
396 creatures vanquished.

Vanquished Creatures (others)
  Chuck (D)
  A golden eye (D)
  2 ball lightnings (D)
  5 ballistomycete spores (D)
  A butterfly (D)
  32 plants (D)
  5 tentacles (D)
47 creatures vanquished.

Grand Total: 443 creatures vanquished

Notes
Turn   | Place    | Note
-------+----------+-------------------------------------------
     0 | D        | rocky1 the Draconian Transmuter began the quest for the
                  | Orb.
     0 | D        | Reached XP level 1. HP: 16/16 MP: 3/3
   278 | D        | Noticed Jessica
   289 | D        | Killed Jessica
   290 | D        | Reached skill level 5 in Unarmed Combat
   290 | D        | Reached XP level 2. HP: 12/23 MP: 2/5
   290 | D        | Reached XP level 3. HP: 14/28 MP: 2/7
   576 | D        | HP: 1/28 [human (5)]
   881 | D        | Noticed a scorpion
   896 | D        | Killed a scorpion
   897 | D        | Reached skill level 1 in Stealth
   897 | D        | Reached skill level 6 in Unarmed Combat
   897 | D        | Reached XP level 4. HP: 9/36 MP: 6/9
  1155 | D        | Learned a level 2 spell: Wereblood
  1159 | D        | Learned a level 3 spell: Spider Form
  1164 | D        | Learned a level 4 spell: Ice Form
  1165 | D        | Noticed a water elemental
  1169 | D        | Killed a water elemental
  1170 | D        | Reached skill level 7 in Unarmed Combat
  1170 | D        | Reached XP level 5. HP: 41/42 MP: 5/11
  1175 | D        | Found a radiant altar of Vehumet.
  1175 | D        | Found a shimmering blue altar of Sif Muna.
  1175 | D        | Found an ancient bone altar of Kikubaaqudgha.
  1177 | D        | Noticed a rust devil
  1197 | D        | Reached skill level 8 in Unarmed Combat
  1655 | D        | Noticed a shadow
  1662 | D        | Killed a shadow
  1663 | D        | Reached skill level 5 in Dodging
  1663 | D        | Reached skill level 9 in Unarmed Combat
  1663 | D        | Reached skill level 5 in Spellcasting
  1663 | D        | Reached skill level 5 in Transmutations
  1663 | D        | Reached skill level 1 in Ice Magic
  1663 | D        | Reached XP level 6. HP: 33/52 MP: 8/13
  1905 | D        | Found a blossoming altar of Fedhas.
  1905 | D        | Found a stormy altar of Qazlal.
  1905 | D        | Found a snail-covered altar of Cheibriados.
  1905 | D        | Found a burning altar of Makhleb.
  1905 | D        | Found a shimmering altar of Xom.
  1905 | D        | Noticed a spatial vortex
  2074 | D        | Found a hazy altar of Hepliaklqana.
  2074 | D        | Found an opulent altar of Gozag.
  2074 | D        | Found a sparkling altar of Nemelex Xobeh.
  2074 | D        | Found a corrupted altar of Lugonu.
  2074 | D        | Found a viscous altar of Jiyva.
  2084 | D        | Killed a spatial vortex
  2085 | D        | Reached skill level 10 in Unarmed Combat
  2090 | D        | Became a worshipper of Cheibriados the Contemplative
  2116 | D        | Found a basalt altar of Yredelemnul.
  2116 | D        | Found a shadowy altar of Dithmenos.
  2116 | D        | Found a sacrificial altar of Ru.
  2123 | D        | Your scales start taking on a golden yellow colour.
  2123 | D        | Reached XP level 7. HP: 53/60 MP: 15/15
  2123 | D        | Gained mutation: You are resistant to acid. (rCorr) [Yellow
                  | Draconian growth]
  2138 | D        | Found a glowing silver altar of Zin.
  2138 | D        | Found a glowing golden altar of the Shining One.
  2138 | D        | Found a white marble altar of Elyvilon.
  2139 | D        | Noticed a deep elf pyromancer
  2146 | D        | Killed a deep elf pyromancer
  2146 | D        | Reached * piety under Cheibriados
  2147 | D        | Reached skill level 5 in Stealth
  2147 | D        | Reached skill level 11 in Unarmed Combat
  2147 | D        | Reached XP level 8. HP: 46/70 MP: 12/18
  2347 | D        | Found a hide-covered altar of Uskayaw.
  2347 | D        | Found an iron altar of Okawaru.
  2347 | D        | Found a bloodstained altar of Trog.
  2347 | D        | Found an ornate altar of the Wu Jian Council.
  2355 | D        | Reached ** piety under Cheibriados
  2480 | D        | Noticed Snorg
  2490 | D        | Killed Snorg
  2491 | D        | Reached skill level 12 in Unarmed Combat
  2491 | D        | Reached XP level 9. HP: 78/79 MP: 15/20
  3004 | D        | Found Juusir's General Store.
  3004 | D        | Noticed an orc knight
  3032 | D        | Killed an orc knight
  3033 | D        | Reached skill level 13 in Unarmed Combat
  3033 | D        | Reached skill level 5 in Invocations
  3035 | D        | Reached *** piety under Cheibriados
  3282 | D        | Reached **** piety under Cheibriados
  3296 | D        | Noticed an orc high priest
  3302 | D        | Reached ***** piety under Cheibriados
  3307 | D        | Killed an orc high priest
  3558 | D        | Bought Maxwell's Memoranda for 532 gold pieces
  3566 | D        | Bought a scroll of fog for 56 gold pieces
  3587 | D        | Reached ****** piety under Cheibriados
  3599 | D        | Noticed a centaur warrior
  3607 | D        | Killed a centaur warrior
  3608 | D        | Reached skill level 14 in Unarmed Combat
  3608 | D        | Reached XP level 10. HP: 92/92 MP: 21/23
  3689 | D        | Reached skill level 10 in Fighting
  3938 | D        | Reached skill level 10 in Dodging
  3938 | D        | Reached skill level 10 in Spellcasting
  4125 | D        | Noticed a cane toad
  4125 | D        | Noticed a cane toad
  4132 | D        | Killed a cane toad
  4135 | D        | Killed a cane toad
  4136 | D        | Reached skill level 15 in Unarmed Combat
  4252 | D        | Reached XP level 11. HP: 103/103 MP: 22/25
  4263 | D        | Reached skill level 10 in Invocations
  4267 | D        | Noticed a lindwurm
  4271 | D        | Killed a lindwurm
  4458 | D        | Noticed Urug
  4462 | D        | Killed Urug
  4467 | D        | Noticed a seven-headed hydra
  4467 | D        | Noticed an eight-headed hydra
  4474 | D        | Killed an eight-headed hydra
  4672 | D        | Killed a seven-headed hydra
  4677 | D        | Noticed a death drake
  4682 | D        | Killed a death drake
  5490 | D        | Found a blossoming altar of Fedhas.
  5490 | D        | Noticed a spriggan druid
  5492 | D        | Killed a spriggan druid
  5569 | D        | Reached skill level 16 in Unarmed Combat
  5598 | D        | Noticed a dire elephant
  5598 | D        | Noticed a dire elephant
  5598 | D        | Noticed Gastronok
  5614 | D        | Killed a dire elephant
  5732 | D        | Killed a dire elephant
  5733 | D        | Reached skill level 1 in Evocations
  5733 | D        | Reached XP level 12. HP: 54/115 MP: 26/28
  5972 | D        | Noticed Rupert
  5983 | D        | Killed Rupert
  6076 | D        | Noticed an azure jelly
  6076 | D        | Noticed an azure jelly
  6076 | D        | Noticed an azure jelly
  6076 | D        | Noticed an azure jelly
  6081 | D        | Killed Gastronok
  6109 | D        | Killed an azure jelly
  6112 | D        | Killed an azure jelly
  6118 | D        | Killed an azure jelly
  6142 | D        | Killed an azure jelly
  6143 | D        | Reached skill level 10 in Stealth
  6143 | D        | Reached skill level 17 in Unarmed Combat
  6143 | D        | Reached skill level 5 in Evocations
  6288 | D        | Noticed a death yak
  6288 | D        | Noticed a death yak
  6289 | D        | Noticed a death yak
  6295 | D        | Noticed a death yak
  6305 | D        | Killed a death yak
  6309 | D        | Killed a death yak
  6310 | D        | Killed a death yak
  6314 | D        | Killed a death yak
  6319 | D        | Reached skill level 15 in Fighting
  6673 | D        | Learned a level 3 spell: Vampiric Draining
  6677 | D        | Learned a level 3 spell: Vhi's Electric Charge
  6683 | D        | Learned a level 5 spell: Arcjolt
  6689 | D        | Learned a level 5 spell: Summon Mana Viper
  6702 | D        | Reached skill level 1 in Summonings
  6771 | D        | Noticed an anaconda
  6775 | D        | Killed an anaconda
  6780 | D        | Reached XP level 13. HP: 112/127 MP: 30/30
  7160 | D        | Noticed a nagaraja
  7162 | D        | Found Daulinus's Antique Weapon Boutique.
  7162 | D        | Found Meiqazex's Magic Scroll Emporium.
  7164 | D        | Found Xeilauv's Book Shop.
  7168 | D        | Killed a nagaraja
  7183 | D        | Reached skill level 18 in Unarmed Combat
  7188 | D        | Got a serpentine rune of Zot
  7200 | D        | Bought the Compendium of the Rocks and the Arsonist for 418
                  | gold pieces
  7207 | D        | Learned a level 6 spell: Statue Form
  7312 | D        | Noticed a kraken
  7333 | D        | Killed a kraken
  7334 | D        | Reached skill level 5 in Summonings
  7334 | D        | Reached skill level 1 in Translocations
  7334 | D        | Reached skill level 1 in Air Magic
  7334 | D        | Reached skill level 1 in Earth Magic
  7636 | D        | Found Poashrix's Antique Weapon Emporium.
  7636 | D        | Found Mishotud's Magic Scroll Shop.
  7636 | D        | Found Witoetei's Jewellery Boutique.
  7665 | D        | Got a barnacled rune of Zot
  7875 | D        | Bought 3 scrolls of blinking for 292 gold pieces
  7948 | D        | Noticed Donald
  7948 | D        | Noticed Frances
  7958 | D        | Killed Frances
  7961 | D        | Killed Donald
  8481 | D        | Identified the +4 battleaxe "Beetlebane" {freeze, rPois
                  | Str+5}
  8508 | D        | Reached skill level 1 in Necromancy
  8514 | D        | Noticed a fire dragon
  8521 | D        | Killed a fire dragon
  8522 | D        | Reached skill level 5 in Translocations
  8522 | D        | Reached skill level 5 in Air Magic
  8522 | D        | Reached skill level 5 in Earth Magic
  8728 | D        | Found Zidghuzxoo's Weapon Emporium.
  8728 | D        | Found Selassy's Magic Scroll Shop.
  8728 | D        | Found Gaeva's Jewellery Shoppe.
  8728 | D        | Found Eprel's Magic Scroll Boutique.
  8728 | D        | Found Dynaqi's Antique Weapon Shop.
  8728 | D        | Found Wouch's Book Emporium.
  8728 | D        | Found Sonor's Weapon Boutique.
  8729 | D        | Found Lairrum's Distillery.
  8729 | D        | Found Hewustrof's Armour Shoppe.
  8729 | D        | Found Poushrev's Armour Shop.
  8729 | D        | Found Avisoj's Antique Armour Emporium.
  8759 | D        | Bought a potion of heal wounds for 50 gold pieces
  8763 | D        | Bought a scroll of blinking for 90 gold pieces
  8763 | D        | Bought a scroll of fog for 48 gold pieces
  8777 | D        | Bought a +0 cloak for 45 gold pieces
  8777 | D        | Bought a +0 pair of gloves for 45 gold pieces
  9294 | D        | Noticed a deep elf demonologist
  9301 | D        | Noticed a deep elf demonologist
  9307 | D        | Noticed a deep elf demonologist
  9309 | D        | Killed a deep elf demonologist
  9310 | D        | Reached skill level 19 in Unarmed Combat
  9310 | D        | Gained mutation: You have acidic saliva. [Yellow Draconian
                  | growth]
  9310 | D        | Reached XP level 14. HP: 137/137 MP: 22/32
  9456 | D        | Noticed a deep elf master archer
  9458 | D        | Noticed a cacodemon
  9469 | D        | Killed a deep elf master archer
  9470 | D        | Reached skill level 5 in Necromancy
  9643 | D        | Noticed a Hell Sentinel
  9745 | D        | Got Sif Muna's Cyclopedia of the Cunning Figure
  9745 | D        | Got the Catalogue of the Legion
  9749 | D        | Identified the ring "Plog" {rPois rF+ EV+4 Str+3}
 10507 | D        | Reached skill level 10 in Transmutations
 10967 | D        | Reached skill level 1 in Shields
 10970 | D        | Reached skill level 1 in Hexes
 10970 | D        | Reached skill level 10 in Summonings
 10981 | D        | Noticed an ancient lich
 10998 | D        | Identified the +9 war axe "Zuluo" {venom, Will+}
 11002 | D        | Identified the +1 leather armour of the Bull {rC- rN+
                  | Will+}
 11044 | D        | Noticed Chuck
 11071 | D        | Killed Chuck
 11113 | D        | Noticed Frederick
 11127 | D        | Killed Frederick
 11128 | D        | Reached skill level 20 in Unarmed Combat
 11487 | D        | Noticed a lich
 11493 | D        | Killed a lich
 11501 | D        | Noticed a shadow dragon
 11501 | D        | Noticed a shadow dragon
 11506 | D        | Killed a shadow dragon
 11510 | D        | Killed a shadow dragon
 11511 | D        | Reached skill level 10 in Shields
 11699 | D        | Noticed a shadow dragon
 11826 | D        | Noticed a quicksilver dragon
 11839 | D        | Killed a quicksilver dragon
 11987 | D        | Reached skill level 15 in Shields
 11987 | D        | Reached XP level 15. HP: 144/144 MP: 29/33
 12083 | D        | Identified the +0 longbow "Orb Guardian's Regret" {drain,
                  | Will+}
 12086 | D        | Noticed a quicksilver dragon
 12093 | D        | Killed a shadow dragon
 12095 | D        | Killed a quicksilver dragon
 12155 | D        | Noticed a fire giant
 12156 | D        | Noticed a quicksilver dragon
 12166 | D        | Killed a quicksilver dragon
 12170 | D        | Killed a fire giant
 12172 | D        | Noticed a shadow dragon
 12173 | D        | Noticed a golden dragon
 12179 | D        | Killed a shadow dragon
 12183 | D        | Killed a golden dragon
 12228 | D        | Noticed a titan
 12549 | D        | Killed a titan
 12576 | D        | Got a silver rune of Zot
 12583 | D        | Got the Lessons on Kindling and Dislocation
 12708 | D        | Acquired a book of Transfigurations
 12752 | D        | Noticed a sphinx
 12752 | D        | Noticed a sphinx
 12762 | D        | Killed a sphinx
 12768 | D        | Killed a sphinx
 12769 | D        | Reached skill level 21 in Unarmed Combat
 12978 | D        | Reached skill level 15 in Spellcasting
 12995 | D        | Learned a level 7 spell: Dragon Form
 13182 | D        | Noticed Azrael
 13186 | D        | Killed Azrael
 13247 | D        | Noticed Nellie
 13252 | D        | Killed Nellie
 13256 | D        | Got a demonic rune of Zot
 13351 | D        | Acquired 835 gold pieces
 13354 | D        | Bought 2 scrolls of acquirement for 1352 gold pieces
 13355 | D        | Acquired 513 gold pieces
 13357 | D        | Acquired 989 gold pieces
 13473 | D        | Bought a scroll of acquirement for 572 gold pieces
 13473 | D        | Bought a scroll of blinking for 82 gold pieces
 13473 | D        | Bought a scroll of blinking for 82 gold pieces
 13477 | D        | Acquired 531 gold pieces
 13625 | D        | Paralysed by an air elemental for 1 turns
 13627 | D        | Paralysed by an air elemental for 1 turns
 13639 | D        | Noticed Mara
 13655 | D        | Killed Mara
 13656 | D        | Reached skill level 22 in Unarmed Combat
 13677 | D        | Noticed an ancient champion
 13678 | D        | Killed an ancient champion
 13732 | D        | Learned a level 9 spell: Fire Storm
 13738 | D        | Learned a level 5 spell: Irradiate
 14042 | D        | Found Fepn's Armour Shoppe.
 14042 | D        | Found Onasin's Distillery.
 14043 | D        | Found Rel Saep's Distillery.
 14043 | D        | Found Editatt's Distillery.
 14050 | D        | Reached XP level 16. HP: 157/157 MP: 36/36
 14054 | D        | Bought a potion of curing for 33 gold pieces
 14054 | D        | Bought a potion of heal wounds for 55 gold pieces
 14054 | D        | Bought a potion of curing for 33 gold pieces
 14055 | D        | Bought a potion of resistance for 130 gold pieces
 14055 | D        | Bought a potion of might for 52 gold pieces
 14055 | D        | Bought a potion of invisibility for 104 gold pieces
 14055 | D        | Bought 2 potions of berserk rage for 130 gold pieces
 14056 | D        | Bought a potion of curing for 42 gold pieces
 14056 | D        | Bought 2 potions of cancellation for 224 gold pieces
 14056 | D        | Bought a potion of curing for 42 gold pieces
 14056 | D        | Bought 2 potions of heal wounds for 140 gold pieces
 14056 | D        | Bought a potion of resistance for 140 gold pieces
 14091 | D        | Noticed Nikola
 14091 | D        | Noticed a storm dragon
 14094 | D        | Killed a storm dragon
 14099 | D        | Killed Nikola
 14256 | D        | Noticed Boris
 14261 | D        | Killed Boris
 14264 | D        | Reached skill level 15 in Transmutations
 14267 | D        | Reached skill level 15 in Dodging
 14272 | D        | Reached skill level 23 in Unarmed Combat
 14373 | D        | Noticed Mennas
 14396 | D        | Killed Mennas
 15134 | D        | Noticed Roxanne
 15146 | D        | Killed Roxanne
 15226 | D        | Found Xyixeasm's Distillery.
 15234 | D        | Bought a potion of heal wounds for 60 gold pieces
 15234 | D        | Bought a potion of invisibility for 96 gold pieces
 15249 | D        | Reached skill level 5 in Conjurations
 15251 | D        | Reached skill level 5 in Fire Magic
 15258 | D        | Reached skill level 10 in Air Magic
 15271 | D        | Noticed an Executioner
 15277 | D        | Killed an Executioner
 15334 | D        | Noticed Nessos
 15352 | D        | Killed Nessos
 15526 | D        | Paralysed by a floating eye for 4 turns
 15598 | D        | Noticed a deep elf blademaster
 15599 | D        | Noticed a deep elf blademaster
 15599 | D        | Noticed a deep elf blademaster
 15602 | D        | Killed a deep elf blademaster
 15604 | D        | Killed a deep elf blademaster
 15606 | D        | Killed a deep elf blademaster
 15647 | D        | Noticed a Killer Klown
 15657 | D        | Killed a Killer Klown
 15712 | D        | Noticed an Orb Guardian
 15712 | D        | Noticed an Orb Guardian
 15717 | D        | Killed an Orb Guardian
 15720 | D        | Reached skill level 24 in Unarmed Combat
 15722 | D        | Killed an Orb Guardian
 15802 | D        | Noticed an ancient lich
 15809 | D        | Killed an ancient lich
 15818 | D        | Noticed an electric golem
 15821 | D        | Killed an electric golem
 15844 | D        | Reached XP level 17. HP: 172/172 MP: 34/39
 15850 | D        | Found the +4 dragonskin cloak
 15850 | D        | Noticed Tiamat
 15860 | D        | Killed Tiamat
 15863 | D        | Reached skill level 10 in Conjurations
 16077 | D        | Noticed an orb of fire
 16083 | D        | Killed an orb of fire
 16084 | D        | Reached skill level 10 in Fire Magic
 16364 | D        | Bought an amulet of regeneration for 300 gold pieces
 16448 | D        | Killed an ancient lich
 16521 | D        | Noticed a royal mummy
 16521 | D        | Noticed a royal mummy
 16521 | D        | Found the +13 scythe of Curses {drain, Drain}
 16526 | D        | Reached skill level 25 in Unarmed Combat
 16527 | D        | Killed a royal mummy
 16527 | D        | HP: 5/224 [something (27)]
 16530 | D        | Killed a royal mummy
 16650 | D        | Got a golden rune of Zot
 16655 | D        | Identified the +4 dire flail of Profit {vorpal, rPois Str-5
                  | SInv}
 16658 | D        | Identified the +7 flail "Kinocwea" {vorpal, Str+5 Int+3}
 16684 | D        | Learned a level 8 spell: Maxwell's Capacitive Coupling
 16684 | D        | Acquired 732 gold pieces
 16686 | D        | Acquired 731 gold pieces
 16688 | D        | Acquired 1198 gold pieces
 16690 | D        | Acquired a +4 ring of slaying
 16692 | D        | Acquired the amulet "Wievvav" {Spirit Stlth+}
 16866 | D        | Noticed Geryon
 16902 | D        | Killed Geryon
 17051 | D        | Noticed an Ice Fiend
 17053 | D        | Killed an Ice Fiend
 17166 | D        | Noticed an Ice Fiend
 17168 | D        | Killed an Ice Fiend
 17183 | D        | Noticed an Ice Fiend
 17186 | D        | Killed an Ice Fiend
 17187 | D        | Reached skill level 15 in Air Magic
 17197 | D        | Noticed Antaeus
 17214 | D        | HP: 13/265 [Antaeus/bolt of lightning (4)]
 17216 | D        | Killed from afar by Antaeus

Illustrated notes

Levels and vault maps discovered:
D:        dungeon_sprint_mu [sprint_mu_entry_cave, sprint_mu_temple_rooms,
          sprint_mu_d1_horrors, sprint_mu_d2_genie, sprint_mu_d3_branching,
          sprint_mu_orc_legion, sprint_mu_elf_gauntlet, sprint_mu_hive_nellie,
          sprint_mu_lair_fedhas, sprint_mu_vaults_butterflies,
          sprint_mu_slime_circle, sprint_mu_shoals_kraken,
          sprint_mu_snake_twists, sprint_mu_blade_basic, sprint_mu_crypt_lich,
          sprint_mu_tomb_spiral, sprint_mu_vestibule_basic,
          sprint_mu_gehenna_hellfire, sprint_mu_dis_giant,
          sprint_mu_tartarus_statrot, sprint_mu_cocytus_islands, sprint_mu_zot1]

Skill      XL: |  1  2  3  4  5  6  7  8  9 10 11 12 13 14 15 16 17 |
---------------+----------------------------------------------------+-----
Dodging        | 2 3 4 5 6 7 9 10 12 13 14 17 18 | 18.6
Unarmed Combat | 5 6 7 9 10 11 12 14 15 16 17 19 20 22 24 25 | 25.5
Spellcasting   | 3 4 5 6 7 9 10 12 13 14 16 18 20 | 20.2
Transmutations | 3 4 5 6 9 10 14 15 | 15.2
Fighting       | 2 3 4 6 7 9 11 13 15 16 17 20 22 | 22.3
Stealth        | 1 2 3 5 8 10 | 10.7
Ice Magic      | 1 |  1.3
Invocations    | 4 7 9 12 | 12.0
Evocations     | 1 7 8 |  8.3
Summonings     | 2 8 10 | 10.2
Translocations | 6 8 |  8.3
Air Magic      | 6 8 12 15 | 15.0
Earth Magic    | 6 8 |  8.3
Necromancy     | 4 6 |  6.8
Shields        | 15 20 | 20.7
Hexes          | 2 |  2.1
Conjurations   | 9 12 | 12.8
Fire Magic     | 9 12 | 12.7

Action                   |  1- 3 |  4- 6 |  7- 9 | 10-12 | 13-15 | 16-18 || total
-------------------------+-------+-------+-------+-------+-------+-------++-------
Melee: Unarmed           |    39 |    44 |    66 |   179 |   520 |   214 ||  1062
       Kick              |     9 |       |       |       |       |       ||     9
       Headbutt          |     6 |       |       |       |       |       ||     6
       Tailslap          |     4 |     1 |     4 |     1 |    69 |    37 ||   116
       Punch             |     1 |       |     1 |     1 |    17 |    27 ||    47
       Bite              |       |       |       |       |    64 |    36 ||   100
 Cast: Beastly Appendage |     4 |       |       |       |       |       ||     4
       Ice Form          |       |     3 |     3 |    25 |    27 |     2 ||    60
       Spider Form       |       |       |     2 |       |     3 |       ||     5
       Wereblood         |       |       |     1 |       |       |       ||     1
       Statue Form       |       |       |       |       |    30 |     3 ||    33
       Vhi's Electric Ch |       |       |       |       |     1 |       ||     1
       Dragon Form       |       |       |       |       |     5 |    21 ||    26
Invok: Slouch            |       |       |     1 |     4 |    16 |    10 ||    31
 Abil: Breathe Acid      |       |       |     4 |       |     1 |     4 ||     9
       End Transformatio |       |       |       |       |     2 |     1 ||     3
Evoke: Lightning rod     |       |       |       |     4 |       |       ||     4
       Wand              |       |       |       |     1 |     1 |     2 ||     4
  Use: Potion            |       |     1 |     3 |     1 |     5 |     6 ||    16
       Scroll            |       |       |     5 |     3 |    13 |     5 ||    26
 Stab: Sleeping          |       |       |     2 |     8 |     9 |     9 ||    28
       Distracted        |       |       |       |       |     5 |       ||     5
Armor: Skin              |    10 |     2 |     7 |    50 |   123 |    53 ||   245
Dodge: Dodged            |    11 |    18 |    49 |   153 |   472 |   298 ||  1001
Block: Kite shield       |       |       |       |       |   152 |    18 ||   170
       Reflection        |       |       |       |       |     4 |       ||     4

Table legend: (Time is in decaauts) A = Elapsed time spent in this place. B = Non-inter-level travel time spent in this place. C = Inter-level travel time spent in this place. D = Time resting spent in this place. E = Time spent auto-exploring this place. F = Levels seen in this place. G = Mean time per level. A B C D E F G +--------+--------+--------+--------+--------+-----+--------+ Total | 21654 | 19362 | 2292 | 11501 | 6 | 1 | 21654.0 | Dungeon | 21654 | 19362 | 2292 | 11501 | 6 | 1 | 21654.0 | +--------+--------+--------+--------+--------+-----+--------+

Top non-repeatable levels by time:
       D: 21654 daAuts
